 Dungeon Crawl Stone Soup version 0.18.1-50-g88ac8fd (webtiles) character file.

2205 lorenzova the Thaumaturge (level 9, -2/45 HPs)
             Began as a Deep Elf Conjurer on Oct 14, 2016.
             Was an Elder of Sif Muna.
             Slain by an elf zombie (7 damage)
             ... in an ossuary.
             The game lasted 00:17:13 (9123 turns).

lorenzova the Thaumaturge (Deep Elf Conjurer)       Turns: 9123, Time: 00:17:14

Health: -2/45      AC:  2    Str:  5    XL:     9   Next: 12%
Magic:  3/26       EV: 13    Int: 24    God:    Sif Muna [****..]
Gold:   355        SH:  0    Dex: 15    Spells: 2 memorised, 25 levels left

rFire  . . .     SeeInvis +     i - +0 rapier (freeze)
rCold  . . .     Gourm    .     a - +0 robe
rNeg   . . .     Faith    .     (no shield)
rPois  .         Spirit   .     (no helmet)
rElec  .         Dismiss  .     (no cloak)
rCorr  .         Reflect  .     (no gloves)
SustAt .         Harm     .     (no boots)
MR     .....                    (no amulet)
Stlth  ++........               (no ring)
                                p - ring of see invisible

@: not resistant to hostile enchantments, unstealthy
A: no striking features
a: Channel Energy, Forget Spell, Renounce Religion


You were in an ossuary.
You worshipped Sif Muna.
Sif Muna was greatly pleased with you.
You were not hungry.

You visited 1 branch of the dungeon, and saw 7 of its levels.
You also visited: Ossuary.

You collected 355 gold pieces.

Inventory:

Hand Weapons
 i - a +0 rapier of freezing (weapon)
Armour
 a - a +0 robe (worn)
Jewellery
 p - a ring of see invisible (left hand)
 y - an uncursed ring of ice
Wands
 C - a wand of flame (44/48)
Scrolls
 d - 2 scrolls of magic mapping
 e - 2 scrolls of fog {unknown}
 g - a scroll of immolation {unknown}
 h - a scroll of identify
 l - 3 scrolls of teleportation
 m - a scroll of amnesia {unknown}
 o - 2 scrolls of enchant weapon {unknown}
 q - 2 scrolls of recharging {unknown}
 r - a scroll of enchant armour {unknown}
 w - 4 scrolls of remove curse {unknown}
 D - 2 scrolls of noise {unknown}
Potions
 j - a potion of lignification
 k - 2 potions of agility
 n - a potion of berserk rage
 s - a potion of invisibility
 t - 4 potions of degeneration
 u - a potion of curing {unknown}
 v - a potion of cancellation
 x - a potion of flight
 z - a potion of beneficial mutation
 B - a potion of brilliance {unknown}
 E - a potion of heal wounds {unknown}
Books
 b - a book of Conjurations

   Spells                             Type                      Level
   a - Magic Dart                     Conjuration                  1
   b - Searing Ray                    Conjuration                  2
   c - Dazzling Spray                 Conjuration/Hexes            3
   d - Fulminant Prism                Conjuration/Hexes            4
   e - Iskenderun's Mystic Blast      Conjuration                  4
   f - Iskenderun's Battlesphere      Conjuration/Charms           5
Comestibles
 c - 2 bread rations
 f - 4 fruits


   Skills:
 - Level 2.4 Dodging
 - Level 2.4 Stealth
 + Level 11.3 Spellcasting
 + Level 10.3 Conjurations


You had 25 spell levels left.
You knew the following spells:

 Your Spells              Type           Power        Failure   Level  Hunger
a - Magic Dart            Conj           ####         1%          1    None
b - Iskenderun's Mystic   Conj           ######..     1%          4    None


Dungeon Overview and Level Annotations

Branches:
Dungeon (7/15)             Temple (0/1) D:5

Altars:
Gozag
Makhleb
Sif Muna

Shops:
D:5 :


Message History

The magic dart hits the elf zombie.
The elf zombie hits you.
* * * LOW HITPOINT WARNING * * *
Casting: Magic Dart
Confirm with . or Enter, or press ? or * to list all spells.
Aiming: Magic Dart
Press: ? - help, Shift-Dir - straight line, f/p - elf zombie
Aim: an elf zombie The magic dart hits the elf zombie.
A jackal zombie comes into view.
Casting: Magic Dart
Confirm with . or Enter, or press ? or * to list all spells.
Aiming: Iskenderun's Mystic Blast
Press: ? - help, Shift-Dir - straight line, f/p - elf zombie
Aim: an elf zombie The orb of energy hits the elf zombie.
The orb of energy explodes!
The elf zombie hits you.
* * * LOW HITPOINT WARNING * * *
You channel some magical energy.
You feel somewhat more hungry. The elf zombie hits you!
You die...

#∩.# #..# #..#
#. #..# #..#
##. ##..# #...
#... #...#
#... #....
#...# #...Z#
##...#
......#+#....#
......Z......#
.......@.....#
##############


You could see a jackal zombie and an elf zombie.

Vanquished Creatures
  Pikel (D:4)
  Grinder (D:3)
  Prince Ribbit (D:4)
  Eustachio (D:4)
  A sky beast (D:6)
  2 slaves
  3 ogres (D:4)
  A phantom (D:6)
  The ghost of appiemonkey the Skirmisher, an amateur GrFi of Okawaru (D:3)
  A giant frog (D:5)
  2 crimson imps (D:5)
  A giant frog zombie (D:5)
  2 orc priests
  4 hounds
  5 orc wizards
  A worker ant (D:5)
  A hound skeleton (D:6)
  6 adders
  2 oozes
  3 adder zombies (Ossuary)
  4 worms
  A dart slug (D:2)
  6 giant geckos
  17 orcs
  6 giant cockroaches
  8 goblins
  9 hobgoblins
  2 quokkas (D:2)
  A ball python (D:2)
  7 bats
  3 giant newts
  A gnoll zombie (Ossuary)
  3 goblin zombies (Ossuary)
  2 jackal zombies (Ossuary)
  8 kobolds
  A kobold zombie (Ossuary)
  2 orc zombies (Ossuary)
  A quokka zombie (D:5)
  8 rats
  3 rat zombies (Ossuary)
133 creatures vanquished.

Vanquished Creatures (others)
  A hound (D:4)
1 creature vanquished.

Grand Total: 134 creatures vanquished

Notes
Turn   | Place    | Note
--------------------------------------------------------------
     0 | D:1      | lorenzova the Deep Elf Conjurer began the quest for the Orb.
     0 | D:1      | Reached XP level 1. HP: 10/10 MP: 6/6
   423 | D:1      | Reached XP level 2. HP: 15/15 MP: 4/8
   972 | D:2      | Reached skill level 4 in Spellcasting
   977 | D:2      | Reached XP level 3. HP: 19/19 MP: 1/10
  1119 | D:2      | Reached skill level 5 in Conjurations
  2041 | D:2      | Found a deep blue altar of Sif Muna.
  2090 | D:2      | Became a worshipper of Sif Muna the Loreminder
  2193 | D:3      | Noticed appiemonkey's ghost (amateur GrFi)
  2263 | D:2      | Reached XP level 4. HP: 24/24 MP: 5/12
  2321 | D:2      | Learned a level 4 spell: Iskenderun's Mystic Blast
  2480 | D:3      | Reached skill level 5 in Spellcasting
  2556 | D:3      | Killed appiemonkey's ghost
  2556 | D:3      | Reached XP level 5. HP: 28/28 MP: 0/15
  2788 | D:3      | Noticed Grinder
  2795 | D:3      | Paralysed by Grinder for 2 turns
  2811 | D:3      | Killed Grinder
  2811 | D:3      | Reached * piety under Sif Muna
  2811 | D:3      | Reached skill level 6 in Spellcasting
  2811 | D:3      | Reached XP level 6. HP: 14/32 MP: 0/17
  3561 | D:3      | Reached skill level 7 in Spellcasting
  3664 | D:3      | Found an opulent altar of Gozag.
  4051 | D:4      | Noticed Pikel
  4051 | D:4      | Noticed a slave
  4063 | D:4      | Noticed a slave
  4064 | D:4      | Noticed a slave
  4064 | D:4      | Noticed a slave
  4079 | D:3      | Killed a slave
  4329 | D:4      | Killed a slave
  4785 | D:4      | Noticed Eustachio
  4805 | D:4      | Killed Eustachio
  4805 | D:4      | Reached XP level 7. HP: 36/36 MP: 2/20
  5013 | D:4      | Reached ** piety under Sif Muna
  5112 | D:4      | Killed Pikel
  5112 | D:4      | Reached skill level 9 in Spellcasting
  5112 | D:4      | Reached XP level 8. HP: 41/41 MP: 3/23
  5524 | D:4      | Reached *** piety under Sif Muna
  6120 | D:5      | Entered Level 5 of the Dungeon
  6123 | D:5      | Noticed Prince Ribbit
  6132 | D:4      | Killed Prince Ribbit
  6132 | D:4      | Reached skill level 10 in Spellcasting
  6545 | D:5      | Found a staircase to the Ecumenical Temple.
  7131 | D:5      | Found Hoasiyck's Book Emporium.
  7455 | D:5      | Found a burning altar of Makhleb.
  7517 | D:5      | Reached skill level 11 in Spellcasting
  7517 | D:5      | Reached skill level 10 in Conjurations
  8005 | D:6      | Reached **** piety under Sif Muna
  8005 | D:6      | Reached XP level 9. HP: 45/45 MP: 17/26
  8887 | D:7      | Found a sand-covered staircase.
  8896 | Ossuary  | Entered an ossuary
  9123 | Ossuary  | Slain by an elf zombie

Skill      XL: |  1  2  3  4  5  6  7  8 |
---------------+-------------------------+-----
Spellcasting   | 4 5 6 7 9 11 | 11.3
Conjurations   | 5 6 7 8 10 | 10.3
Dodging        | |  2.4
Stealth        | |  2.4

Action                   |  1- 3 |  4- 6 |  7- 9 || total
-------------------------+-------+-------+-------++-------
Melee: Short sword       |       |     9 |     3 ||    12
       Rapier            |       |       |    33 ||    33
 Cast: Magic Dart        |    83 |    68 |   158 ||   309
       Iskenderun's Myst |       |    18 |    31 ||    49
Invok: Channel Energy    |       |       |     2 ||     2
  Use: Scroll            |       |       |    10 ||    10
  Eat: Chunk             |     4 |     6 |    10 ||    20
       Meat ration       |       |     1 |     1 ||     2
Armor: Robe              |       |     2 |     5 ||     7
Dodge: Dodged            |     2 |    11 |    54 ||    67
